 Dungeon Crawl Stone Soup version 0.17-a0-1842-gacc33f2 (webtiles) character file.

760 luca467 the Vandal (level 8, 54/54 HPs)
             Began as a Halfling Hunter on Sept 17, 2015.
             Quit the game on level 5 of the Dungeon on Sept 18, 2015.
             The game lasted 00:36:52 (4872 turns).

luca467 the Vandal (Halfling Hunter)                Turns: 4872, Time: 00:36:52

Health: 54/54      AC:  6    Str: 12    XL:     8   Next: 7%
Magic:  8/8        EV: 17    Int: 10    God:
Gold:   52         SH:  0    Dex: 17    Spells: 0 memorised, 7 levels left

rFire  . . .     SeeInvis .     a - +1 hunting sling
rCold  + . .     Clarity  .     d - +3 leather armour
rNeg   + . .     SustAt   .     (shield restricted)
rPois  .         Gourm    .     (no helmet)
rElec  .         Spirit   .     (no cloak)
rCorr  .         Warding  .     (no gloves)
rMut   .         Stasis   .     (no boots)
MR     .....                    (no amulet)
Stlth  +++.......               i - ring of positive energy
                                t - ring of protection from cold

@: not resistant to hostile enchantments, fairly stealthy
A: mutation resistance 1
a: no special abilities


You were on level 5 of the Dungeon.
You were not hungry.

You visited 1 branch of the dungeon, and saw 5 of its levels.
You also visited: Sewer.

You collected 193 gold pieces.
You spent 141 gold pieces at shops.

Inventory:

Hand weapons
 a - a +1 hunting sling (weapon)
 c - a +0 short sword
 g - a +3 dagger of venom
Missiles
 b - 58 sling bullets
 f - 166 stones (quivered)
 I - 8 silver sling bullets
Armour
 d - a +3 leather armour (worn)
Jewellery
 i - a ring of positive energy (right hand)
 m - an uncursed ring of flight
 t - a ring of protection from cold (left hand)
Magical devices
 F - a wand of cold (6)
Scrolls
 l - a scroll of enchant armour
 n - a scroll of random uselessness {unknown}
 u - 2 scrolls of magic mapping {unknown}
 w - 2 scrolls of blinking {unknown}
 y - a scroll of amnesia {unknown}
 C - 2 scrolls of fog {unknown}
 D - a scroll of fear {unknown}
 H - a scroll of noise {unknown}
Potions
 h - 2 potions of heal wounds
 k - a potion of haste {unknown}
 o - a potion of invisibility {unknown}
 q - a potion of magic {unknown}
 v - a potion of berserk rage {unknown}
 x - 2 potions of brilliance
 z - 4 potions of curing {unknown}
 A - 2 potions of might {unknown}
 B - a potion of flight {unknown}
 E - a potion of poison {unknown}
 G - a potion of resistance {unknown}
Comestibles
 e - 6 bread rations
 j - 2 royal jellies
 p - 4 fruits
 r - a beef jerky
 s - a meat ration
 J - 2 chunks of flesh


   Skills:
 + Level 3.6 Fighting
 + Level 5.6 Short Blades
 + Level 6.6 Slings
 + Level 4.9 Dodging
 + Level 4.5 Stealth


You had 7 spell levels left.
You didn't know any spells.

Dungeon Overview and Level Annotations

Branches:
Dungeon (5/15)
 Temple: D:4-7

Altars:
Ashenzari
Elyvilon
Nemelex Xobeh
Okawaru
Qazlal
Ru
The Shining One

Shops:
D:4 *


Innate Abilities, Weirdness & Mutations

You are small and have problems with some larger weapons.
You are somewhat resistant to further mutation.


Message History

Things that are here:
a trident; an orc corpse Quiver which item? (- for none, * to show all) (? for menu, Esc to quit)
Quivering
f - 166 stones for slings.
Read which item? (? for menu, Esc to quit)
Identify which item? (\ to view known items) (? for menu, Esc to quit)
As you read the scroll of identify, it crumbles to dust.
t - an uncursed ring of protection from cold Put on which piece of jewellery? (? for menu, Esc to quit)
t - a ring of protection from cold (left hand) Put on which piece of jewellery? (? for menu, Esc to quit)
i - a ring of positive energy (right hand)
A gnoll comes into view. It is wielding a spear.
You see here an inky potion.
A - 2 inky potions (gained 1)
A gnoll and a gnoll shaman come into view.
Unknown command.
Welcome back, luca467 the Halfling Hunter.
Press ? for a list of commands and other information.
Are you sure you want to abandon this character and quit the game? (Confirm with "yes".)

# #.....# #
###.#.....# ####.##
....#.....####..#..##
.....................
####.....####...#.##
#.....# ##.#.#
#.#######..#..#
########.# ##..###...
'......@.# ##..##
##..#
#############..##.
.##..
#.......##..##..#..+#.
#.#####....##..#.#.. #
#....### .#._.#. #
#......##..#.#..##
#.#.##..##..#..##.
#.#.###..##. .##..
#.#.# ##..## ##).)


There were no monsters in sight!

Vanquished Creatures
  A water moccasin (D:5)
  An ogre (D:4)
  2 big kobolds (Sewer)
  An orc priest (D:5)
  2 hounds
  A worker ant (D:5)
  13 adders
  4 gnolls (D:2)
  A river rat (D:3)
  3 oozes (Sewer)
  An adder skeleton (D:3)
  7 worms
  4 giant geckos
  11 orcs
  5 giant cockroaches (D:3)
  10 hobgoblins
  11 jackals
  2 quokkas (D:2)
  6 ball pythons (Sewer)
  8 bats
  6 giant newts
  9 goblins
  15 kobolds
  A quokka skeleton (D:4)
  13 rats
138 creatures vanquished.

Notes
Turn   | Place    | Note
--------------------------------------------------------------
     0 | D:1      | luca467 the Halfling Hunter began the quest for the Orb.
     0 | D:1      | Reached XP level 1. HP: 14/14 MP: 1/1
   129 | D:1      | Reached XP level 2. HP: 19/19 MP: 2/2
   452 | D:1      | Reached XP level 3. HP: 22/24 MP: 3/3
   602 | D:1      | Reached skill level 6 in Slings
   973 | D:2      | Reached skill level 1 in Short Blades
  1146 | D:2      | Reached XP level 4. HP: 21/30 MP: 4/4
  1632 | D:2      | Reached XP level 5. HP: 32/35 MP: 5/5
  1903 | D:2      | Found a stormy altar of Qazlal.
  2282 | D:3      | Found a sacrificial altar of Ru.
  2398 | D:3      | Found a white marble altar of Elyvilon.
  2641 | D:3      | Reached XP level 6. HP: 26/41 MP: 6/6
  2703 | D:3      | Found a glowing drain.
  2715 | Sewer    | Entered a sewer
  3430 | Sewer    | Reached skill level 5 in Short Blades
  3430 | Sewer    | Reached XP level 7. HP: 26/46 MP: 7/7
  3800 | D:4      | Found Bimaj's Assorted Antiques.
  3844 | D:4      | Bought a glowing white potion for 21 gold pieces
  3844 | D:4      | Bought a scroll of identify for 48 gold pieces
  3844 | D:4      | Bought a scroll labeled FANAJI DOUJYTOZU for 24 gold pieces
  3844 | D:4      | Bought a scroll labeled VANLAL ZOOLIVU for 24 gold pieces
  4000 | D:4      | Found a shattered altar of Ashenzari.
  4064 | D:4      | Found an iron altar of Okawaru.
  4338 | D:4      | Found a sparkling altar of Nemelex Xobeh.
  4403 | D:4      | Bought a scroll labeled BOERU NUKU for 24 gold pieces
  4415 | D:5      | Entered Level 5 of the Dungeon
  4794 | D:5      | Reached XP level 8. HP: 53/53 MP: 8/8
  4814 | D:5      | Found a glowing golden altar of the Shining One.
  4872 | D:5      | Quit the game

Vault maps used:
D:1:      ncdulo_watergridlock
D:2:      nicolae_qazlal_eye_of_the_storm
D:3:      elyvilon_altar_5, gup_sewer_entry_bubbles, corexii_hall_statues_l,
          grunt_ministairs_7, minmay_strange_pillars, nicolae_ru_path_of_blood
D:4:      okawaru_trees_2, nemelex_altar_shiori, cheibrodos_ashenzari_chains,
          serial_shops, nicolae_shop_overgrown_old_shop, first_bread, hex_large
D:5:      trog_eyes_of_draining, tso_metal_star, temple_fountains,
          kennysheep_nub, guppyfry_early_orc_mine
Sewer:    sewer_co_tree

Action                   |  1- 3 |  4- 6 |  7- 9 || total
-------------------------+-------+-------+-------++-------
Melee: Dagger            |    10 |   292 |     4 ||   306
 Fire: Hunting sling     |    70 |     3 |   110 ||   183
  Use: Scroll            |       |       |     8 ||     8
       Potion            |       |       |     1 ||     1
 Stab: Sleeping          |       |     7 |       ||     7
  Eat: Chunk             |       |     9 |     4 ||    13
